 Dungeon Crawl Stone Soup version 0.21.1-1-g345015fe64 (webtiles) character file.

40 Oravi the Insei (level 3, -1/26 HPs)
             Began as a Merfolk Transmuter on May 15, 2018.
             Killed by nerve-wracking pain
             ... invoked by Grinder
              (14 damage)
             ... on level 3 of the Dungeon.
             The game lasted 00:03:30 (1999 turns).

Oravi the Insei (Merfolk Transmuter)                Turns: 1999, Time: 00:03:31

Health: -1/26      AC:  2    Str: 10    XL:     3   Next: 50%
Magic:  0/6        EV: 21    Int: 13    God:
Gold:   97         SH:  0    Dex: 19    Spells: 0/6 levels left

rFire    . . .     SeeInvis .     - Unarmed
rCold    . . .     Gourm    .   (shield currently unavailable)
rNeg     . . .     Faith    .   (armour currently unavailable)
rPois    x         Spirit   .   (helmet currently unavailable)
rElec    .         Reflect  .   (cloak currently unavailable)
rCorr    .         Harm     .   (gloves currently unavailable)
MR       .....                  (boots currently unavailable)
Stlth    ++........             (no amulet)
HPRegen  0.08/turn              (no ring)
MPRegen  0.10/turn              (no ring)

@: spider-form (expiring)
A: tiny, (change form in water), (swift swim), (stealthy swim)
a: End Transformation


You were on level 3 of the Dungeon.
You were very hungry.
You were a venomous arachnid creature.
You visited 1 branch of the dungeon, and saw 3 of its levels.

You collected 97 gold pieces.

Inventory:

Missiles
 a - 38 arrows
Armour
 b - a +0 robe (melded)
 h - a +0 cloak (melded)
Wands
 m - a wand of enslavement (18)
Scrolls
 e - 2 scrolls of identify {unknown}
 i - 2 scrolls of remove curse {unknown}
 k - 3 scrolls of teleportation {unknown}
 l - a scroll of magic mapping {unknown}
Potions
 g - a potion of brilliance {unknown}
 j - a potion of invisibility {unknown}
Books
 c - a book of Changes

   Spells                             Type                      Level
   a - Beastly Appendage              Transmutation                1
   b - Sticks to Snakes               Transmutation                2
   c - Spider Form                    Transmutation/Poison         3
   d - Ice Form                       Ice/Transmutation            4
   e - Blade Hands                    Transmutation                5
Comestibles
 d - 4 rations


   Skills:
 - Level 1.1 Fighting
 - Level 2.6 Dodging
 + Level 4.1 Unarmed Combat
 - Level 2.0 Spellcasting
 + Level 4.0 Transmutations


You couldn't memorise any spells.
You knew the following spells:

 Your Spells              Type           Power        Failure   Level  Hunger
a - Spider Form           Tmut/Pois      #.........   54%         3    ####...
b - Sticks to Snakes      Tmut           ##......     19%         2    ###....
c - Beastly Appendage     Tmut           ##....       14%         1    ##.....


Dungeon Overview and Level Annotations

Branches:
Dungeon (3/15)

Altars:
Gozag
Kikubaaqudgha

Annotations:
D:3 Grinder


Message History

Your ball python bites Grinder but does no damage.
Your ball python barely misses Grinder.
You hit Grinder.
Grinder is poisoned.
Grinder is severely wounded.
Grinder barely misses you.
Your ball python closely misses Grinder.
Your ball python grabs Grinder.
Your ball python constricts Grinder.
You hit Grinder but do no damage.
Grinder is severely wounded.
Your ball python bites Grinder but does no damage.
Your ball python constricts Grinder.
Grinder hits your ball python!
Your ball python dies!
Grinder shouts!
You hit Grinder.
Grinder is severely wounded.
Your transformation is almost over.
Grinder gestures at you. Pain shoots through your body!
Ouch! That really hurt!
You die...

.#.#..#.#.#####
...............
..>.....................
........................
........................
...(..)................
......5...............
########s.............
.....................##
########..............#
#[.............##
#...............#
##.............#.##
#..............#..#
#..............##..
#...)..........##..


You could see Grinder.

Vanquished Creatures
  An adder (D:2)
  A dart slug (D:3)
  3 leopard geckos
  A ball python (D:2)
  A giant cockroach (D:2)
  4 goblins
  A hobgoblin (D:1)
  2 jackals (D:3)
  5 kobolds
  2 bats (D:1)
  A frilled lizard (D:1)
  3 rats
25 creatures vanquished.

Notes
Turn   | Place    | Note
-------+----------+-------------------------------------------
     0 | D:1      | Oravi the Merfolk Transmuter began the quest for the Orb.
     0 | D:1      | Reached XP level 1. HP: 15/15 MP: 3/3
   329 | D:1      | Reached XP level 2. HP: 21/21 MP: 3/5
   862 | D:2      | Found an ancient bone altar of Kikubaaqudgha.
   982 | D:2      | Reached XP level 3. HP: 11/26 MP: 4/6
   986 | D:2      | Learned a level 2 spell: Sticks to Snakes
   990 | D:2      | Learned a level 3 spell: Spider Form
  1230 | D:2      | Found an opulent altar of Gozag.
  1982 | D:3      | Noticed Grinder
  1999 | D:3      | Killed from afar by Grinder

Skill      XL: |  1  2  3 |
---------------+----------+-----
Transmutations | 3 4 |  4.0
Unarmed Combat | 4 |  4.1
Fighting       | |  1.1
Dodging        | |  2.6
Spellcasting   | |  2.0

Action                   || total
-------------------------++-------
Melee: Unarmed           ||    77
       Headbutt          ||    14
 Cast: Beastly Appendage ||    15
       Spider Form       ||     2
       Sticks to Snakes  ||     2
  Use: Potion            ||     1
  Eat: Chunk             ||     3
Armor: Robe              ||     8
Dodge: Dodged            ||    51
